 Dungeon Crawl Stone Soup version 0.21-a0-42-gb537e02 (webtiles) character file.

42 Gallahalt the Skirmisher (level 3, -5/29 HPs)
             Began as a Demonspawn Abyssal Knight on June 4, 2017.
             Was a Believer of Lugonu.
             Slain by Crazy Yiuf
             ... wielding a +2 quarterstaff of chaos
              (7 damage)
             ... on level 2 of the Dungeon.
             The game lasted 00:03:26 (1242 turns).

Gallahalt the Skirmisher (DsAK)                     Turns: 1242, Time: 00:03:27

Health: -5/29      AC:  3    Str: 13    XL:     3   Next: 35%
Magic:  14/14      EV: 11    Int: 13    God:    Lugonu [**....]
Gold:   192        SH:  0    Dex: 12    Spells: 2/2 levels left

rFire    . . .     SeeInvis .   a - +1 falchion
rCold    . . .     Gourm    .   (no shield)
rNeg     . . .     Faith    .   b - +0 leather armour
rPois    .         Spirit   .   (no helmet)
rElec    .         Reflect  .   (no cloak)
rCorr    .         Harm     .   (no gloves)
MR       .....                  (no boots)
Stlth    +++.......             (no amulet)
Regen    0.1/turn               i - ring of magical power
MPRegen  0.2/turn               (no ring)

@: lethally poisoned (-5 -> -16), drained
A: nightstalker 2
a: Depart the Abyss, Bend Space, Renounce Religion


You were on level 2 of the Dungeon.
You worshipped Lugonu.
Lugonu was pleased with you.
You were very hungry.

You visited 1 branch of the dungeon, and saw 2 of its levels.
You visited the Abyss 1 time.

You collected 192 gold pieces.

Inventory:

Hand Weapons
 a - a +1 falchion (weapon)
 o - a +0 mace of venom
Armour
 b - a +0 leather armour (worn)
Jewellery
 i - a ring of magical power (left hand)
Scrolls
 e - a scroll of recharging {unknown}
 h - a scroll of enchant weapon {unknown}
 j - a scroll of random uselessness {unknown}
 k - a scroll of fog {unknown}
 l - a scroll of enchant armour {unknown}
 m - a scroll of teleportation {unknown}
 n - a scroll of identify {unknown}
Potions
 d - a potion of degeneration {unknown}
 g - 2 potions of curing {unknown}
Comestibles
 c - 2 bread rations
 f - 2 royal jellies


   Skills:
 + Level 3.6(3.2) Fighting
 + Level 2.4(2.1) Long Blades
 + Level 1.8(1.5) Armour
 + Level 1.1(0.8) Dodging
 + Level 0.4(0.0) Stealth
 + Level 2.7(2.4) Invocations


You had 2 spell levels left.
You didn't know any spells.

Dungeon Overview and Level Annotations

Branches:
Dungeon (2/15)

Altars:

Annotations:
D:2 Crazy Yiuf


Innate Abilities, Weirdness & Mutations

You are significantly more attuned to the shadows.


Message History

Crazy Yiuf is lightly wounded.
Crazy Yiuf completely misses you.
You closely miss Crazy Yiuf.
Crazy Yiuf is lightly wounded.
Crazy Yiuf hits you with a quarterstaff of chaos!
You feel drained.
You closely miss Crazy Yiuf.
Crazy Yiuf is lightly wounded.
Crazy Yiuf barely misses you.
You hit Crazy Yiuf.
Crazy Yiuf is moderately wounded.
Crazy Yiuf hits you with a quarterstaff of chaos!
* * * LOW HITPOINT WARNING * * *
You are lethally poisoned!
You slash Crazy Yiuf!
Crazy Yiuf is severely wounded.
* * * LOW HITPOINT WARNING * * *
You feel sick.
Crazy Yiuf hits you with a quarterstaff of chaos!
You die...

#.#
#..#.##########
#.#####..#.#
#........#.#
##########.####
#....# #######
#####
####.######
#.....# #).)#
#......#
#..#### #)g)#
####..###.#
#..# #)@)#
#.....# #.#
#..# ##'##
####.## #.#
#..# ♣♣)♣ #.#
#.# #..# ♣)♣♣
####(####.#
#..# ♣♣)♣
#.......#.#
#..# ♣.♣♣
#######.#.#
#..# ♣♣)♣♣
#.#.# #..####
♣).^♣♣ #.#.##
#.....# ♣....♣
#..#..


You could see Crazy Yiuf.

Vanquished Creatures
  An ooze (D:2)
  A worm (D:2)
  2 leopard geckos (D:1)
  5 goblins
  6 hobgoblins
  A kobold (D:1)
  A ball python (D:1)
  5 bats
  2 frilled lizards (D:1)
  9 rats
33 creatures vanquished.

Notes
Turn   | Place    | Note
-------+----------+-------------------------------------------
     0 | Abyss:1  | Gallahalt the Demonspawn Abyssal Knight began the quest for the Orb.
     0 | Abyss:1  | Reached XP level 1. HP: 18/18 MP: 2/2
    43 | D:1      | Escaped the Abyss
   145 | D:1      | Gained mutation: You are slightly more attuned to the shadows. [demonic ancestry]
   145 | D:1      | Reached XP level 2. HP: 19/24 MP: 4/4
   548 | D:1      | Reached skill level 1 in Dodging
   709 | D:2      | Reached ** piety under Lugonu
   709 | D:2      | Gained mutation: You are significantly more attuned to the shadows. [demonic ancestry]
   709 | D:2      | Reached XP level 3. HP: 27/29 MP: 5/5
  1220 | D:2      | Found a runed door.
  1235 | D:2      | Noticed Crazy Yiuf
  1242 | D:2      | Slain by Crazy Yiuf

Vault maps used:
D:1:      matt_arrival_diagonals
D:2:      first_bread, uniq_crazy_yiuf_cottage

Skill      XL: |  1  2 |
---------------+-------+-----
Long Blades    | 2 |  2.4
Dodging        | 1 |  1.1
Fighting       | |  3.6
Armour         | |  1.8
Stealth        | |  0.4
Invocations    | |  2.7

Action                   || total
-------------------------++-------
Melee: Falchion          ||    79
 Stab: Sleeping          ||     7
Armor: Leather armour    ||    29
Dodge: Dodged            ||    54
       Rpst.: Falchion   ||    14
